 Dungeon Crawl Stone Soup version 0.20-a0-151-g755e310 (webtiles) character file.

1114 KristoblXynda the Shield-Bearer (level 8, -10/63 HPs)
             Began as a Pale Draconian Fighter on Nov 22, 2016.
             Mangled by an orc warrior
             ... wielding a +0 dire flail
              (13 damage)
             ... on level 6 of the Dungeon.
             The game lasted 00:07:23 (3865 turns).

KristoblXynda the Shield-Bearer (DrFi)              Turns: 3865, Time: 00:07:24

Health: -10/63     AC: 12    Str: 19    XL:     8   Next: 12%
Magic:  0/8        EV: 12    Int: 10    God:
Gold:   329        SH: 10    Dex: 11    Spells: 7/7 levels left

rFire  . . .     SeeInvis .     a - +0 long sword
rCold  . . .     Gourm    .     (armour unavailable)
rNeg   . . .     Faith    .     b - +0 shield
rPois  .         Spirit   +     (helmet restricted)
rElec  .         Reflect  .     g - +1 cloak
rCorr  .         Harm     .     w - +1 pair of gloves
MR     .....                    n - +1 pair of boots
Stlth  +.........               j - amulet of guardian spirit
                                (no ring)
                                k - ring of flight

@: short of breath
A: breathe steam, unfitting armour, cold-blooded, AC +6
a: Breathe Steam, Evoke Flight


You were on level 6 of the Dungeon.
You were hungry.

You visited 1 branch of the dungeon, and saw 6 of its levels.

You collected 329 gold pieces.

Inventory:

Hand Weapons
 a - a +0 long sword (weapon)
 E - a +0 dagger of flaming
Missiles
 i - a throwing net (quivered)
Armour
 b - a +0 shield (worn)
 g - a +1 cloak (worn)
 n - a +1 pair of boots (worn)
 w - a +1 pair of gloves (worn)
Jewellery
 j - an amulet of guardian spirit (around neck)
 k - a ring of flight (left hand)
Wands
 q - a wand of iceblast (5/15)
 v - a wand of digging (2/24)
 y - a wand of teleportation (3/9)
 B - a wand of lightning (9/15)
Scrolls
 h - a scroll of recharging
 l - 2 scrolls of remove curse
 o - 8 scrolls of identify
 s - 2 scrolls of teleportation
 t - 3 scrolls of enchant armour
 A - a scroll of noise {unknown}
 D - 2 scrolls of fog
Potions
 c - 3 potions of heal wounds
 e - 2 potions of flight
 f - 5 potions of curing
 m - a potion of brilliance
 z - 2 potions of might
 C - a potion of cancellation {unknown}
Comestibles
 d - 5 bread rations
 p - 7 fruits
 r - 3 meat rations
 u - a slice of pizza
 x - a chunk of flesh


   Skills:
 - Level 3.2 Fighting
 + Level 5.8 Long Blades
 + Level 5.6 Dodging
 + Level 6.3 Shields


You had 7 spell levels left.
You didn't know any spells.

Dungeon Overview and Level Annotations

Branches:
Dungeon (6/15)
 Temple: D:4-7

Altars:
Nemelex Xobeh
Okawaru
Yredelemnul
The Shining One


Innate Abilities, Weirdness & Mutations

You can breathe blasts of scalding, opaque steam.
Your pale cyan-grey scales are hard. (AC +6)
You cannot fit into any form of body armour.
You are cold-blooded and may be slowed by cold attacks.


Message History

Unknown command.
You hit the orc warrior.
The orc warrior is moderately wounded.
The orc warrior hits you with a dire flail!!
You hit the orc warrior but do no damage.
The orc warrior is moderately wounded.
You block the orc warrior's attack.
You barely miss the orc warrior.
Your tail-slap misses the orc warrior.
The orc warrior is moderately wounded.
The orc warrior hits you with a dire flail!
You barely miss the orc warrior.
You tail-slap the orc warrior, but do no damage.
The orc warrior is moderately wounded.
The orc warrior hits you with a dire flail!!
* * * LOW HITPOINT WARNING * * *
You hit the orc warrior but do no damage.
The orc warrior is moderately wounded.
You block the orc warrior's attack.
The orc warrior hits you with a dire flail!
You die...

#............
#............
#####.######
#.# #.## #..#
. ##.#
#≈≈≈###.#
#8.8§8@#
+.§.§o.#
#8.8.8##
#≈≈≈### .≈≈≈
≈≈≈ ≈≈


You could see an orc warrior.

Vanquished Creatures
  Grinder (D:3)
  A phantom (D:4)
  An ogre (D:5)
  2 big kobolds (D:3)
  A bullfrog (D:6)
  A scorpion (D:6)
  A bullfrog zombie (D:5)
  4 hounds
  A gnoll shaman (D:6)
  An orc wizard (D:6)
  3 worker ants (D:4)
  A hound skeleton (D:6)
  7 adders
  4 gnolls (D:6)
  3 oozes
  An adder zombie (D:5)
  5 dart slugs
  5 leopard geckos
  6 orcs
  7 bats
  6 giant cockroaches
  5 goblins
  5 hobgoblins
  5 jackals
  A quokka (D:4)
  5 frilled lizards
  10 kobolds
  A leopard gecko zombie (D:6)
  8 rats
102 creatures vanquished.

Notes
Turn   | Place    | Note
-------+----------+-------------------------------------------
     0 | D:1      | KristoblXynda the Draconian Fighter began the quest for the Orb.
     0 | D:1      | Reached XP level 1. HP: 19/19 MP: 1/1
    68 | D:1      | Reached XP level 2. HP: 21/26 MP: 2/2
   340 | D:1      | Reached XP level 3. HP: 31/31 MP: 3/3
   892 | D:2      | Found a sparkling altar of Nemelex Xobeh.
  1171 | D:2      | Reached XP level 4. HP: 27/38 MP: 2/4
  1481 | D:3      | Found an iron altar of Okawaru.
  1565 | D:3      | Noticed Grinder
  1579 | D:3      | Killed Grinder
  1579 | D:3      | Reached skill level 4 in Shields
  1579 | D:3      | Reached XP level 5. HP: 22/45 MP: 2/5
  1579 | D:3      | Reached XP level 6. HP: 25/51 MP: 2/6
  2013 | D:3      | Reached skill level 5 in Shields
  2248 | D:4      | Your scales start taking on a pale cyan-grey colour.
  2248 | D:4      | Reached XP level 7. HP: 45/57 MP: 7/7
  2494 | D:4      | Reached skill level 5 in Long Blades
  2494 | D:4      | Reached skill level 5 in Dodging
  2740 | D:5      | Entered Level 5 of the Dungeon
  3041 | D:5      | Found an iron altar of Okawaru.
  3593 | D:6      | Reached skill level 6 in Shields
  3602 | D:6      | Found a basalt altar of Yredelemnul.
  3604 | D:6      | Noticed a profane servitor
  3609 | D:6      | Found a glowing golden altar of the Shining One.
  3611 | D:6      | Noticed an angel
  3662 | D:6      | Reached XP level 8. HP: 54/63 MP: 6/8
  3864 | D:6      | HP: 3/63 [orc warrior/dire flail (24)]
  3865 | D:6      | Mangled by an orc warrior

Vault maps used:
D:1:      onia_arrival_handbag
D:2:      grunt_decor_cap, nemelex_diamond_rough_becter
D:3:      cheibrodos_thug_alley, lemuel_crystal_altar, first_bread, uniq_grinder
D:4:      nicolae_overflow_hidden_temple
D:5:      basic_altar
D:6:      kennysheep_orc_sif_temple, grunt_temple_overflow_holy_war

Skill      XL: |  1  2  3  4  5  6  7 |
---------------+----------------------+-----
Dodging        | 3 4 5 |  5.6
Long Blades    | 3 4 5 |  5.8
Shields        | 4 5 6 |  6.3
Fighting       | |  3.2

Action                   |  1- 3 |  4- 6 |  7- 9 || total
-------------------------+-------+-------+-------++-------
Melee: Long sword        |   111 |   140 |   162 ||   413
       Tailslap          |    14 |    18 |    26 ||    58
 Abil: Breathe Steam     |       |       |     4 ||     4
Evoke: Wand              |       |       |     1 ||     1
  Use: Scroll            |       |    10 |     3 ||    13
       Potion            |       |     2 |       ||     2
 Stab: Sleeping          |     1 |       |     1 ||     2
  Eat: Chunk             |     1 |     2 |     2 ||     5
       Pizza             |       |     1 |     1 ||     2
       Fruit             |       |     1 |       ||     1
       Beef jerky        |       |       |     1 ||     1
Armor: Skin              |    51 |    70 |    59 ||   180
Dodge: Dodged            |    57 |    89 |    50 ||   196
Block: Shield            |    72 |   100 |    80 ||   252
       Rpst.: Long sword |    21 |    23 |    17 ||    61
